 Dungeon Crawl Stone Soup version 0.30-a0-140-gd1020e658a (webtiles) character file.

Game seed: 10456075674582908076

23 Flugkiller the Chopper (level 3, -1/30 HPs)
             Began as a Ghoul Gladiator on Sept 24, 2022.
             Slain by an orc
             ... wielding a +0 falchion
              (5 damage)
             ... on level 2 of the Dungeon.
             The game lasted 00:00:54 (1067 turns).

Flugkiller the Chopper (Ghoul Gladiator)            Turns: 1067, Time: 00:00:54

Health: -1/30      AC:  5    Str: 19    XL:     3   Next: 0%
Magic:  2/2        EV: 12    Int:  3    God:
Gold:   17         SH:  0    Dex: 10    Spells: 2/2 levels left

rFire   . . .      SeeInvis .    a - +0 war axe
rCold   + . .      Faith    .    (no shield)
rNeg    + + +      Spirit   .    b - +0 leather armour
rPois   ∞          Reflect  .    h - +0 helmet
rElec   .          Harm     .    i - +0 cloak
rCorr   .          Rampage  .    (no gloves)
Will    .....                    (no boots)
Stlth   +.........               (no amulet)
HPRegen 0.00/turn                (no ring)
MPRegen 0.08/turn                (no ring)

@: inhibited regen
A: claws 1, cold resistance 1, negative energy resistance 3, inhibited
regeneration, torment resistance 2, devour on kill
a: no special abilities


You were on level 2 of the Dungeon.
You visited 1 branch of the dungeon, and saw 2 of its levels.

You collected 17 gold pieces.

Inventory:

Hand Weapons
 a - a +0 war axe (weapon)
Missiles
 d - 3 throwing nets (quivered)
 e - a javelin
Armour
 b - a +0 leather armour (worn)
 h - a +0 helmet (worn)
   (You found it on level 1 of the Dungeon)
 i - a +0 cloak (worn)
   (You found it on level 1 of the Dungeon)
Jewellery
 j - a +6 ring of strength
   (You found it on level 1 of the Dungeon)
Scrolls
 k - a scroll of vulnerability {unknown}
 r - a scroll of identify


   Skills:
 + Level 2.7 Fighting
 * Level 3.4 Axes
 - Level 1.7 Throwing
 - Level 2.6 Dodging


You had 2 spell levels left.
You didn't know any spells.
Your spell library was empty.

Dungeon Overview and Level Annotations

Branches:
Dungeon (2/15) Zot: 10912

Altars:


Innate Abilities, Weirdness & Mutations

You are immune to poison.
You have sharp fingernails.
Your flesh is cold resistant. (rC+)
You are immune to negative energy. (rN+++)
You do not regenerate when monsters are visible.
You are immune to unholy pain and torment.
You thrive by killing the living.


Message History

A bat comes into view.
A bat is nearby!
The bat barely misses you.
You closely miss the bat. The bat hits you but does no damage.
The bat barely misses you.
You barely miss the bat. The bat misses you. The bat barely misses you.
You closely miss the bat. The bat closely misses you.
The bat barely misses you. x2
You closely miss the bat. The bat barely misses you.
The bat closely misses you. x2
You hit the bat.
You kill the bat!
No target in view!
No target in view!
A frilled lizard comes into view.
The frilled lizard hisses angrily.
A frilled lizard is nearby!
A frilled lizard is nearby!
Found a scroll labelled DYRRESTRUTOL and 8 stones.
The frilled lizard bites you but does no damage.
You closely miss the frilled lizard. The frilled lizard closely misses you.
You hit the frilled lizard.
You kill the frilled lizard!
No target in view!
No target in view!
No target in view!
No target in view!
k - a scroll labelled DYRRESTRUTOL You see here a +0 club.
Key pressed, stopping explore.
You open the door.
Found a faded altar of an unknown god.
There is an open door here.
No target in view!
No target in view!
No target in view!
No target in view!
No target in view!
(D) Dungeon
Where to? (Enter - D:1 @ (x,y), ? - help)
There is a stone staircase leading down here.
You climb downwards.
The orc shouts! x4
Found 5 gold pieces.
Found a stone staircase leading down.
There is a stone staircase leading up here.
There are monsters nearby!
There are monsters nearby!
There are monsters nearby!
There are monsters nearby!
You closely miss the orc. The orc hits you but does no damage.
You hit the orc.
The orc is heavily wounded.
You barely miss the orc. The orc barely misses you.
The orc hits you with a +0 falchion. The orc misses you.
The orc attacks as you move away! The orc barely misses you.
The orc attacks as you move away! The orc hits you with a +0 falchion.
The orc attacks as you move away! The orc hits you with a +0 club.
You are too injured to fight recklessly!
Found a gold piece.
Found 12 gold pieces.
A kobold and a rat come into view.
The kobold shouts!
The kobold throws a stone.
The stone closely misses you.
It was a potion of curing.
You feel better.
You barely miss the orc. You claw the orc.
The orc is moderately wounded.
The orc hits you with a +0 falchion. x2
* * * LOW HITPOINT WARNING * * *
You barely miss the orc.
The orc is lightly wounded.
The orc barely misses you.
You hit the orc but do no damage. The orc hits you but does no damage.
Found a potion of curing.
You closely miss the orc. The orc misses you. The orc barely misses you.
You hit the orc but do no damage. The orc misses you.
You barely miss the orc. The orc misses you.
You slash the orc!
You kill the orc!
The kobold hits you with a +0 short sword.
* * * LOW HITPOINT WARNING * * *
You have reached level 3!
Your experience leads to an increase in your attributes!
Increase (S)trength, (I)ntelligence, or (D)exterity?
You feel stronger. x2
As you read the scroll labelled WYNOWENNOFF, it crumbles to dust.
It is a scroll of identify.
c - a scroll of teleportation;
t - a scroll of teleportation
r - a scroll of identify The kobold closely misses you.
As you read the scroll of teleportation, it crumbles to dust.
You feel strangely unstable. The kobold barely misses you.
Unknown command.
You see here 12 gold pieces.
The kobold attacks as you move away!
The kobold hits you with a +0 short sword.
* * * LOW HITPOINT WARNING * * *
The orc attacks as you move away! The orc hits you but does no damage.
Your surroundings seem slightly different.
The kobold closely misses you. The orc hits you with a +0 falchion.
You die...

#...## #!# . ..... ...
.###.#.# # # #.#
...$>..###.###.###
.......r#...##...
#.o....o.#.....#
#o#.#.... #o.# # #oo#
#..###.o#####...# #.##
##..oorK@§......#
#.o###..###..#####..##
#.#.#.#.# #.....
#.##.##.# #..####
#.....#.# #..#
#$.......... ....
##.###########..## #
....


You could see 4 orcs, a kobold and a rat.

Vanquished Creatures
  A dart slug (D:1)
  An orc (D:2)
  3 bats (D:1)
  3 endoplasms (D:1)
  A giant cockroach (D:1)
  A hobgoblin (D:1)
  4 kobolds (D:1)
  A quokka (D:1)
  A ball python (D:1)
  A frilled lizard (D:1)
17 creatures vanquished.

Notes
Turn   | Place    | Note
-------+----------+-------------------------------------------
     0 | D:1      | Flugkiller the Ghoul Gladiator began the quest for the Orb.
     0 | D:1      | Reached XP level 1. HP: 17/17 MP: 0/0
   187 | D:1      | Reached skill level 3 in Axes
   187 | D:1      | Reached XP level 2. HP: 23/25 MP: 1/1
  1013 | D:1      | Found a faded altar of an unknown god.
  1063 | D:2      | Reached XP level 3. HP: 6/30 MP: 2/2
  1067 | D:2      | Slain by an orc

Illustrated notes

Levels and vault maps discovered:
D:1:      onia_arrival_pyramid, layout_basic,
          shapermc_ecumenical_altar_mp_vishouse, serial_corexii_hall,
          chequers_hall_statues_wall_a, corexii_hall_statues_u, corner_web_ring
D:2:      layout_loops_ring

Skill      XL: |  1 |
---------------+----+-----
Axes           | 3 |  3.4
Fighting       | |  2.7
Throwing       | |  1.7
Dodging        | |  2.6

Action                   || total
-------------------------++-------
Melee: War axe           ||    56
       Punch             ||     1
  Use: Potion            ||     1
       Scroll            ||     2
Armor: Leather armour    ||    19
Dodge: Dodged            ||    43

Table legend: (Time is in decaauts)
 A = Elapsed time spent in this place.
 B = Non-inter-level travel time spent in this place.
 C = Inter-level travel time spent in this place.
 D = Time resting spent in this place.
 E = Time spent auto-exploring this place.
 F = Levels seen in this place.
 G = Mean time per level.
                   A        B        C        D        E       F      G
               +--------+--------+--------+--------+--------+-----+--------+
         Total |   1086 |   1057 |     29 |    231 |    640 |   2 |  543.0 |
       Dungeon |   1086 |   1057 |     29 |    231 |    640 |   2 |  543.0 |
               +--------+--------+--------+--------+--------+-----+--------+

Top non-repeatable levels by time:
     D:1: 1055 daAuts
     D:2: 30 daAuts
